 Dungeon Crawl Stone Soup version 0.31.0-11-ge490571c62 (webtiles) character file.

Game seed: 15280134043713260122

46 qw the Shooter (level 3, -3/20 HPs)
             Began as a Deep Elf Hunter on Feb 3, 2024.
             Slain by Terence
             ... wielding a +0 trident
              (7 damage)
             ... on level 3 of the Dungeon.
             The game lasted 00:00:05 (1360 turns).

qw the Shooter (Deep Elf Hunter)                    Turns: 1360, Time: 00:00:05

Health: -3/20      AC:  7    Str: 14    XL:     3   Next: 44%
Magic:  5/5        EV: 10    Int: 13    God:
Gold:   131        SH:  0    Dex: 20    Spells: 2/2 levels left

rFire   . . .        a - +0 shortbow
rCold   . . .        (shield currently unavailable)
rNeg    . . .        k - +0 scale mail
rPois   .            (no helmet)
rElec   .            (no cloak)
rCorr   .            i - +0 pair of gloves
SInv    .            (no boots)
Will    .....        (no amulet)
Stlth   +            h - +6 ring of strength
HPRegen 0.23/turn    (no ring)
MPRegen 0.09/turn

%: no passive effects
@: no status effects
A: no striking features
a: no special abilities


You were on level 3 of the Dungeon.
You visited 1 branch of the dungeon, and saw 3 of its levels.

You collected 131 gold pieces.


   Skills:
 - Level 1.5 Fighting
 + Level 7.0 Ranged Weapons
 - Level 2.4 Dodging
 - Level 1.2 Stealth


You had 2 spell levels left.
You didn't know any spells.
Your spell library was empty.

Inventory:

Hand Weapons
 a - a +0 shortbow (weapon)
Armour
 i - a +0 pair of gloves (worn)
 k - a +0 scale mail (worn)
Jewellery
 h - a +6 ring of strength (left hand)
Potions
 e - a potion of curing
 f - a potion of cancellation
 j - a potion of enlightenment {unknown}

Dungeon Overview and Level Annotations

Branches:
Dungeon (3/15)

Altars:

Annotations:
D:3 Terence


Message History

There is a stone staircase leading down, spattered with blood here.
You shoot an arrow. The arrow closely misses the kobold.
The kobold barely misses you.
You shoot an arrow. The arrow hits the kobold!
You kill the kobold!
You climb downwards.
Level annotation: Terence Terence hits you but does no damage.
Terence hits you with a +0 trident.
There is a stone staircase leading up here.
You shoot an arrow. The arrow hits Terence.
Terence is lightly wounded.
Terence hits you with a +0 trident.
You shoot an arrow.
The arrow hits Terence but does no damage.
Terence is lightly wounded.
Terence hits you with a +0 trident.
You shoot an arrow.
The arrow hits Terence but does no damage.
Terence is lightly wounded.
Terence hits you with a +0 trident.
You shoot an arrow.
The arrow hits Terence but does no damage.
Terence is lightly wounded.
Terence completely misses you.
An orc comes into view. It is wielding a +0 hand axe.
Terence bares his teeth.
Terence hits you with a +0 trident.
You shoot an arrow. The arrow barely misses Terence.
The orc shouts!
Terence hits you but does no damage.
You shoot an arrow. The arrow closely misses Terence.
An orc priest comes into view. It is wielding a +0 club.
Terence hits you with a +0 trident.
You shoot an arrow. The orc priest shouts!
The arrow hits Terence but does no damage.
Terence is lightly wounded.
Terence hits you with a +0 trident!
You die...
Terence says, "That felt goooood."

# #
#.######.#
#.#.......#..
#....@.......
#.....@..)...
#.....###....
#..##.. #..
#... ... .
#... .o.. #..
.>.. ##.
.o...#


You could see Terence, an orc priest and an orc.

Vanquished Creatures
  An adder (D:2)
  A dart slug (D:1)
  A ribbon worm (D:2)
  2 bats (D:2)
  3 endoplasms
  A giant cockroach (D:1)
  5 goblins
  2 hobgoblins (D:2)
  3 kobolds
  6 ball pythons
  2 frilled lizards
  3 rats (D:2)
30 creatures vanquished.

Notes
Turn   | Place    | Note
-------+----------+-------------------------------------------
     0 | D:1      | qw the Deep Elf Hunter began the quest for the Orb.
     0 | D:1      | Reached XP level 1. HP: 12/12 MP: 3/3
     0 | D:1      | 0 ||| qw: Version: 0.3-a-158-g18b3111
     0 | D:1      | 0 ||| qw: Game counter: 4153
     0 | D:1      | 0 ||| qw: Melee chars always use a shield: true
     0 | D:1      | 0 ||| qw: God list: Okawaru
     0 | D:1      | 0 ||| qw: Allow faded altars: false
     0 | D:1      | 0 ||| qw: Do Orc after clearing Dungeon:15 true
     0 | D:1      | 0 ||| qw: Do second Lair branch before Depths: true
     0 | D:1      | 0 ||| qw: Lair rune preference: random
     0 | D:1      | 0 ||| qw: Goals: Normal
     0 | D:1      | 0 ||| PLANNING D:1-11
   123 | D:1      | Reached XP level 2. HP: 16/16 MP: 4/4
   139 | D:1      | Reached skill level 6 in Ranged Weapons
   356 | D:1      | 356 ||| UPGRADING to +0 pair of gloves.
   361 | D:1      | 361 ||| UPGRADING to +0 scale mail.
   371 | D:1      | 371 ||| DROPPING +0 leather armour.
   372 | D:1      | 372 ||| UPGRADING to +6 ring of strength.
   373 | D:1      | 373 ||| READING scroll labelled OSEURY UJYAQ.
   374 | D:1      | 374 ||| READING scroll labelled LIEQEM BURHENWA.
   375 | D:1      | 375 ||| DRINKING 2 sedimented blue potions.
   376 | D:1      | 376 ||| DROPPING scroll of butterflies.
   625 | D:2      | Reached XP level 3. HP: 20/20 MP: 5/5
  1175 | D:2      | 1175 ||| DROPPING ring of flight.
  1176 | D:2      | 1176 ||| READING scroll labelled RUMERE XUXOFU.
  1176 | D:2      | 1176 ||| IDENTIFYING fizzy cyan potion
  1177 | D:2      | 1177 ||| READING scroll labelled UJAF OLAEGA.
  1182 | D:2      | 1182 ||| READING scroll labelled DAOKUO DAATHAXT.
  1298 | D:3      | 1298 ||| STAIRDANCE
  1298 | D:3      | Noticed Terence
  1328 | D:3      | 1328 ||| STAIRDANCE
  1340 | D:3      | 1340 ||| STAIRDANCE
  1345 | D:2      | Reached skill level 7 in Ranged Weapons
  1345 | D:2      | 1345 ||| DRINKING 2 potions of curing.
  1345 | D:2      | 1345 ||| (to cure poison)
  1348 | D:3      | 1348 ||| STAIRDANCE
  1357 | D:3      | HP: 5/20 [Terence/+0 trident (3)]
  1360 | D:3      | Slain by Terence

Levels and vault maps discovered:
D:1:      minmay_arrival_solitary_statue, layout_rooms
D:2:      layout_basic, minmay_split_cup_small
D:3:      layout_loops_corners, roderic_serpentine_path, palyth_stone_intersect,
          st_stairs_5, nicolae_kite_square_tiling_tiny, uniq_robin,
          uniq_terence, uniq_grinder

Skill      XL: |  1  2  3 |
---------------+----------+-----
Ranged Weapons | 6 7 |  7.0
Fighting       | |  1.5
Dodging        | |  2.4
Stealth        | |  1.2

Action                     || total
---------------------------++-------
   Fire: Shortbow          ||    83
    Use: Scroll            ||     5
         Potion            ||     2
 Armour: Scale mail        ||    32
         Leather armour    ||     1
  Dodge: Dodged            ||    23

Table legend:
 A = Non-vault XP
 B = Vault XP
 C = Vault XP percentage of total XP
 D = Non-vault monster count
 E = Vault monster count
 F = Vault count percentage of total count
                 A         B        C        D         E       F
            +---------+---------+-------+---------+---------+-------
      Total |      43 |      23 |  34.8 |      25 |       5 |  16.7
            +---------+---------+-------+---------+---------+-------
        D:1 |      17 |       0 |   0.0 |       9 |       0 |   0.0
        D:2 |      26 |      23 |  46.9 |      16 |       5 |  23.8
            +---------+---------+-------+---------+---------+-------
